 Dungeon Crawl Stone Soup version 0.28-a0-938-gbc3f381ebc (webtiles) character file.

Game seed: 6032735781585551695

106 Froggeryz the Cudgeller (level 4, 0/42 HPs)
             Began as a Gargoyle Cinder Acolyte on Nov 28, 2021.
             Was a High Priest of Ignis.
             Killed by nerve-wracking pain
             ... invoked by an orc priest
              (7 damage)
             ... on level 3 of the Dungeon.
             The game lasted 00:02:45 (2259 turns).

Froggeryz the Cudgeller (Gargoyle Cinder Acolyte)   Turns: 2259, Time: 00:02:46

Health: 0/42       AC: 12    Str: 19    XL:     4   Next: 84%
Magic:  5/5        EV:  9    Int: 14    God:    Ignis [*****.]
Gold:   92         SH:  0    Dex:  5    Spells: 5/5 levels left

rFire   + . .      SeeInvis .   a - -1 mace (flame)
rCold   . . .      Faith    .   (no shield)
rNeg    + . .      Spirit   .   l - +0 scale mail
rPois   ∞          Reflect  .   (no helmet)
rElec   +          Harm     .   p - +0 cloak
rCorr   .          Rampage  .   f - +0 pair of gloves
Will    .....                   (no boots)
Stlth   ..........              e - amulet of regeneration
HPRegen 0.94/turn               (no ring)
MPRegen 0.09/turn               (no ring)

@: berserking, very quick
A: sickness immunity, AC +3, negative energy resistance 1, electricity
resistance, torment resistance 1, petrification resistance
a: Renounce Religion, Fiery Armour, Foxfire Swarm, Rising Flame


You were on level 3 of the Dungeon.
You worshipped Ignis.
Ignis was extremely pleased with you.
You visited 1 branch of the dungeon, and saw 3 of its levels.

You collected 92 gold pieces.

Inventory:

Hand Weapons
 a - a -1 mace of flaming (weapon)
 q - a +0 morningstar
Missiles
 b - 6 poisoned darts (quivered)
 h - 2 boomerangs
 r - 2 boomerangs of dispersal
Armour
 f - a +0 pair of gloves (worn)
 l - a +0 scale mail (worn)
 p - a +0 cloak (worn)
Jewellery
 e - an amulet of regeneration (around neck)
Wands
 n - a wand of iceblast (7)
Scrolls
 c - 2 scrolls of enchant weapon {unknown}
 g - a scroll of teleportation {unknown}
 i - 2 scrolls of vulnerability {unknown}
 m - a scroll of fog
Potions
 j - a potion of ambrosia {unknown}
 k - a potion of cancellation {unknown}
 o - a potion of heal wounds {unknown}


   Skills:
 - Level 3.2 Fighting
 * Level 5.0 Maces & Flails
 + Level 2.0 Armour
 - Level 1.0 Spellcasting
 - Level 3.0 Fire Magic


You had 5 spell levels left.
You didn't know any spells.
Your spell library contained the following spells:

 Spells                   Type           Power      Damage    Failure   Level
 Scorch                   Fire           18%        2d6       34%         2


Dungeon Overview and Level Annotations

Branches:
Dungeon (3/15)

Altars:
Qazlal

Shops:
D:1 :


Innate Abilities, Weirdness & Mutations

You are immune to sickness and miasma.
Your stone body is resilient. (AC +3)
You are immune to poison.
You resist negative energy. (rN+)
You are resistant to electric shocks. (rElec)
You are resistant to unholy torment.
You are immune to petrification.


Message History

The orc hits you but does no damage.
You hit the orc. You burn the orc.
You kill the orc!
The orc priest miscasts a cantrip.
The orc hits you but does no damage.
You hit the orc but do no damage. The orc barely misses you.
You hit the orc but do no damage.
The orc priest invokes the aid of Beogh against you.
Beogh smites you!
Ouch! That really hurt!
The orc hits you but does no damage.
The orc priest casts a cantrip, but nothing happens.
You are too injured to fight recklessly!
You are too injured to fight recklessly!
The orc priest mumbles some strange prayers to Beogh against you.
Beogh smites you!
* * * LOW HITPOINT WARNING * * *
It was a potion of berserk rage.
A red film seems to cover your vision as you go berserk!
You feel yourself moving faster!
You feel mighty! The orc hits you with a +0 hand axe.
* * * LOW HITPOINT WARNING * * *
You barely miss the orc. The orc closely misses you.
You sock the orc! You burn the orc.
You kill the orc!
Your Maces & Flails skill increases to level 5!
Your Armour skill increases to level 2!
You sock the orc priest! You burn the orc priest.
The orc priest is severely wounded.
You closely miss the orc priest.
The orc priest is severely wounded.
The orc priest hits you but does no damage.
You hit the orc priest. You burn the orc priest.
The orc priest is almost dead.
The orc priest hits you but does no damage.
You barely miss the orc priest.
The orc priest is almost dead.
The orc priest mumbles some strange prayers to Beogh against you.
Pain shoots through your body!
You die...

### ..# #
#.#################o#####
.#..............oo)oo....
..##############o########
....### #@# ........ #.#
....#### #.# ..### #.#
..# ... .## #.# .^## #.#
...## #.# #.#.######.


You could see 2 orc priests and an orc.

Vanquished Creatures
  Natasha (D:3)
  Terence (D:2)
  An adder (D:2)
  7 orcs (D:3)
  4 ball pythons
  5 endoplasms
  2 goblins (D:1)
  3 hobgoblins
  3 kobolds (D:1)
  A quokka (D:1)
  5 bats
  4 frilled lizards
  6 rats
43 creatures vanquished.

Notes
Turn   | Place    | Note
-------+----------+-------------------------------------------
     0 | D:1      | Froggeryz the Gargoyle Cinder Acolyte began the quest for
                  | the Orb.
     0 | D:1      | Reached XP level 1. HP: 14/14 MP: 2/2
   228 | D:1      | Reached XP level 2. HP: 19/19 MP: 3/3
   281 | D:1      | Found Sigex's Book Shoppe.
   887 | D:1      | Reached skill level 4 in Maces & Flails
   933 | D:1      | Reached XP level 3. HP: 23/23 MP: 4/4
  1265 | D:2      | Noticed Terence
  1298 | D:2      | Killed Terence
  1299 | D:2      | Reached skill level 1 in Armour
  1393 | D:2      | Reached XP level 4. HP: 28/28 MP: 5/5
  1638 | D:2      | Found a stormy altar of Qazlal.
  1913 | D:2      | Found a faded altar of an unknown god.
  2130 | D:3      | Noticed Natasha
  2135 | D:3      | Killed Natasha
  2251 | D:3      | HP: 1/28 [orc priest/divine providence (10)]
  2256 | D:3      | Reached skill level 5 in Maces & Flails
  2259 | D:3      | Killed from afar by an orc priest

Illustrated notes

Levels and vault maps discovered:
D:1:      minmay_arrival_open_corners, layout_loops_corners, serial_shops, shop,
          chequers_serial_rivers_micro_a
D:2:      layout_basic, basic_altar, hellmonk_ecumenical_altar_heavens_door,
          grunt_decor_one_mirror, uniq_terence
D:3:      layout_loops_ring, mainiacjoe_overflow_paths,
          overflow_temple_1_default, chequers_serial_rivers_room_b,
          minmay_unequal, uniq_natasha, uniq_jessica

Skill      XL: |  1  2  3  4 |
---------------+-------------+-----
Maces & Flails | 4 5 |  5.0
Armour         | 1 2 |  2.0
Fighting       | |  3.2
Spellcasting   | |  1.0
Fire Magic     | |  3.0

Action                   |  1- 3 |  4- 6 || total
-------------------------+-------+-------++-------
Melee: Mace              |   102 |    50 ||   152
Throw: Dart              |     3 |     2 ||     5
  Use: Scroll            |       |     1 ||     1
       Potion            |       |     1 ||     1
Armor: Robe              |    13 |       ||    13
       Ring mail         |    37 |       ||    37
       Scale mail        |     6 |    36 ||    42
Dodge: Dodged            |    71 |    28 ||    99

Table legend: (Time is in decaauts)
 A = Elapsed time spent in this place.
 B = Non-inter-level travel time spent in this place.
 C = Inter-level travel time spent in this place.
 D = Time resting spent in this place.
 E = Time spent auto-exploring this place.
 F = Levels seen in this place.
 G = Mean time per level.
                   A        B        C        D        E       F      G
               +--------+--------+--------+--------+--------+-----+--------+
         Total |   2297 |   2206 |     91 |    322 |   1446 |   3 |  765.7 |
       Dungeon |   2297 |   2206 |     91 |    322 |   1446 |   3 |  765.7 |
               +--------+--------+--------+--------+--------+-----+--------+

Top non-repeatable levels by time:
     D:1: 1234 daAuts
     D:2: 913 daAuts
     D:3: 149 daAuts
